 Dungeon Crawl Stone Soup version 0.23.0-3-gf3c87f2 (webtiles) character file.

Game seed: 8220762278821859939

18341 skk the Brawler (level 12, -3/111 HPs)
             Began as a Troll Monk on Feb 24, 2019.
             Was the Champion of Cheibriados.
             Slain by a stone giant (36 damage)
             ... on level 1 of the Orcish Mines.
             The game lasted 00:24:59 (10334 turns).

skk the Brawler (Troll Monk)                       Turns: 10334, Time: 00:25:00

Health: -3/111     AC: 10    Str: 40      XL:     12   Next: 26%
Magic:  12/12      EV: 17    Int: 22 (23) God:    Cheibriados [******]
Gold:   617        SH:  0    Dex: 26 (27) Spells: 11/11 levels left

rFire    . . .     SeeInvis +     - Unarmed
rCold    + + .     Gourm    +   (no shield)
rNeg     . . .     Faith    .   a - +0 robe
rPois    .         Spirit   .   n - +2 hat of Absence {rC+ Str+3}
rElec    .         Reflect  .   g - +1 cloak
rCorr    .         Harm     .   (gloves unavailable)
MR       .....     Rnd*Rage +   (boots unavailable)
Stlth    +++.......             (no amulet)
HPRegen  0.68/turn              C - ring of protection from cold
MPRegen  0.13/turn              F - ring of see invisible

@: vulnerable, studying Ice Magic, lightly drained, very slow
A: large, unfitting armour, claws 3, horns 1, berserk 1, deterioration 1, dopey
1, fast metabolism 3, gourmand, regeneration 1, shaggy fur 1, tough skin 3
a: Bend Time, Temporal Distortion, Slouch, Step From Time, Renounce Religion


You were on level 1 of the Orcish Mines.
You worshipped Cheibriados.
Cheibriados was exalted by your worship.
You were completely stuffed.

You visited 3 branches of the dungeon, and saw 14 of its levels.
You also visited: Ice Cave.

You collected 812 gold pieces.
You spent 195 gold pieces at shops.

Inventory:

Hand Weapons
 h - the +9 war axe of the Blind Eye {flame, MR+ Int+8}
   (You found it on level 5 of the Dungeon)

   It has been specially enchanted to burn those struck by it, causing extra
   injury to most foes and up to half again as much damage against particularly
   susceptible opponents.
   Big, fiery blades are also staple armaments of hydra-hunters.
   It affects your intelligence (+8).
   It affects your resistance to hostile enchantments.
Armour
 a - a +0 robe (worn)
 g - a +1 cloak (worn)
 n - the +2 hat of Absence (worn) {rC+ Str+3}
   (You acquired it on level 7 of the Dungeon)

   It affects your strength (+3).
   It protects you from cold.
Magical Staves
 G - an uncursed staff of wizardry
Jewellery
 C - a ring of protection from cold (left claw)
 F - a ring of see invisible (right claw)
 J - an uncursed ring of wizardry {unknown}
Wands
 o - a wand of flame (17)
 t - a wand of paralysis (8)
 v - a wand of enslavement (1)
 x - a wand of polymorph (3)
 I - a wand of iceblast (5)
Scrolls
 c - a scroll of holy word
 f - a scroll of immolation
 k - 2 scrolls of magic mapping
 m - 8 scrolls of teleportation
 p - a scroll of remove curse
 q - a scroll of fear
 r - 5 scrolls of amnesia
 s - 3 scrolls of enchant weapon
 y - a scroll of enchant armour
 z - a scroll of summoning
 D - a scroll of identify
Potions
 d - 2 potions of lignification
 e - 3 potions of heal wounds
 i - 2 potions of brilliance
 j - 3 potions of flight
 l - a potion of might
 u - 3 potions of curing
 A - a potion of resistance
 B - a potion of ambrosia
 E - a potion of agility
Books
 w - a manual of Ice Magic
Comestibles
 b - 20 rations


   Skills:
 + Level 5.3(4.7) Fighting
 + Level 8.3(7.6) Dodging
 + Level 4.4(3.9) Stealth
 + Level 15.1(14.4) Unarmed Combat
 + Level 1.6(1.1) Evocations


You had 11 spell levels left.
You didn't know any spells.
Your spell library contained the following spells:

 Spells                   Type           Power        Failure   Level  Hunger
 Animate Skeleton         Necr           N/A          17%         1    ##.....
 Apportation              Tloc           #.....       17%         1    ##.....
 Confusing Touch          Hex            #.....       17%         1    ##.....
 Corona                   Hex            #......      17%         1    ##.....
 Summon Small Mammal      Summ           #...         17%         1    ##.....
 Slow                     Hex            #.......     26%         2    ###....
 Inner Flame              Hex/Fire       #.......     45%         3    ####...
 Portal Projectile        Hex/Tloc       #.....       45%         3    ####...
 Cause Fear               Hex            #.........   86%         4    #####..
 Leda's Liquefaction      Hex/Erth       #.........   86%         4    #####..


Dungeon Overview and Level Annotations

Branches:
Dungeon (12/15)            Temple (1/1) D:6            Lair (0/6) D:9
    Orc (1/2) D:12

Altars:
Ashenzari
Cheibriados
Dithmenos
Elyvilon
Fedhas
Gozag
Hepliaklqana
Kikubaaqudgha
Makhleb
Nemelex Xobeh
Okawaru
Qazlal
Ru
Sif Muna
Trog
Uskayaw
Vehumet
Wu Jian
Xom
Yredelemnul
Zin
The Shining One

Shops:
D:7 =   D:9 (

Annotations:
D:11 3 runed translucent doors, exclusion: obsidian statue, tidbits's ghost, novice GnSk
D:12 2 transporters, Uhlv's ghost, journeyman FoFi


Innate Abilities, Weirdness & Mutations

You are too large for most types of armour.
You have claws for hands.
Your metabolism is lightning-fast.
You like to eat raw meat.
Your natural rate of healing is unusually fast.
You are covered in fur. (AC +1)
You have extremely tough skin. (AC +3)
You have a pair of small horns on your head.
You tend to lose your temper in combat.
Your body sometimes deteriorates upon taking damage.
You are dopey. (Int -2)


Message History

The orc sorcerer points at you and mumbles some strange words.
The bolt of negative energy hits you!!
You feel drained.
The orc priest begins to cast a cantrip, but forgets the words!
The gnoll hits you from afar with a +0 halberd.
The hellwing misses you. x2; The orange demon misses you.
There is a staircase back to the Dungeon here.
As you read the scroll of fear, it crumbles to dust.
You assume a fearsome visage.
The hellwing is unaffected.
The orc wizard looks frightened!
The orc priest looks frightened!
The orange demon is unaffected.
The chaos spawn is unaffected.
The gnoll looks frightened! x2; The orc sorcerer looks frightened!
The stone giant easily resists.
The orc wizard mumbles some strange words.
The orc wizard blinks!
The orc wizard gestures wildly while chanting.
The orc wizard blinks!
The hellwing completely misses you. The hellwing hits you.
* * * LOW HITPOINT WARNING * * *
The stone giant hits you!!!
You die...

###### #####
..#.....##....
..............
.............#
..#............# .
..........o....# #..
............4..#....
..........4>@..#...[
..........oC...#$...
...$.....g.4[..# .
.#.......g.#.#.#
......§.†.#....#
.....>.)..#.....
.......#..........
.....$.........#..
......$$...........


You could see a stone giant, an orange demon, a hellwing, a chaos spawn, an orc
sorcerer (fleeing), an orc priest (fleeing) and 2 gnolls.

Vanquished Creatures
  2 slime creatures (D:11)
  Harold (D:9)
  Erica (D:9)
  A two-headed ogre (D:12)
  A glowing orange brain (D:8)
  An unseen horror (D:12)
  Pikel (D:8)
  3 ugly things
  A manticore (D:12)
  3 ice statues (IceCv)
  Psyche (D:11)
  Joseph (D:7)
  A centaur skeleton (D:12)
  4 trolls
  A tengu conjurer (D:12)
  Prince Ribbit (D:8)
  4 hippogriffs
  A meliai zombie (D:10)
  2 water elementals (D:11)
  A shadow (D:12)
  A steam dragon (D:11)
  3 yaks (D:11)
  Grum (D:8)
  A water moccasin (D:7)
  7 ice beasts
  5 necrophages
  3 orc warriors
  7 sky beasts
  2 black bears
  A centaur (D:8)
  6 ogres
  2 wolves (D:8)
  A crocodile (D:10)
  Blork the orc (D:4)
  2 bullfrogs
  A wyvern skeleton (D:8)
  6 scorpions
  4 wights
  3 jellies (D:12)
  10 killer bees
  2 electric eels (D:11)
  A howler monkey (D:4)
  6 centaur zombies
  7 crimson imps
  3 hounds
  4 orc priests
  Crazy Yiuf (D:4)
  3 bullfrog skeletons
  9 iguanas
  7 orc wizards
  Ijyb (D:3)
  14 worker ants
  A hound skeleton (D:5)
  A mummy (D:10)
  A worker ant zombie (D:7)
  11 gnolls
  21 adders
  4 shadow imps
  2 oozes (D:2)
  2 adder skeletons (D:4)
  3 worms
  5 dart slugs
  2 leopard geckos
  45 orcs
  A ball python (D:1)
  3 giant cockroaches
  2 gnoll zombies (D:2)
  7 hobgoblins
  15 jackals
  9 kobolds
  9 quokkas
  5 bats
  5 frilled lizards
  8 goblins
  6 rats
325 creatures vanquished.

Notes
Turn   | Place    | Note
-------+----------+-------------------------------------------
     0 | D:1      | skk the Troll Monk began the quest for the Orb.
     0 | D:1      | Reached XP level 1. HP: 22/22 MP: 0/0
    90 | D:1      | Reached XP level 2. HP: 16/29 MP: 1/1
   364 | D:1      | Reached XP level 3. HP: 35/36 MP: 2/2
   802 | D:2      | Reached XP level 4. HP: 44/44 MP: 3/3
   812 | D:2      | Reached skill level 4 in Unarmed Combat
  1028 | D:2      | Found a basalt altar of Yredelemnul.
  1898 | D:3      | Reached XP level 5. HP: 48/52 MP: 4/4
  1946 | D:3      | Noticed Ijyb
  1955 | D:3      | Killed Ijyb
  2371 | D:4      | Reached skill level 5 in Unarmed Combat
  2541 | D:4      | Found a runed translucent door.
  2542 | D:4      | Noticed Crazy Yiuf
  2591 | D:4      | Reached XP level 6. HP: 59/59 MP: 5/5
  2650 | D:4      | Noticed Blork the orc
  2654 | D:4      | Killed Blork the orc
  2695 | D:4      | Reached skill level 6 in Unarmed Combat
  3126 | D:4      | Killed Crazy Yiuf
  3126 | D:4      | Reached XP level 7. HP: 62/67 MP: 6/6
  3175 | D:5      | Entered Level 5 of the Dungeon
  3476 | D:5      | Got a jewelled war axe
  3477 | D:5      | Identified the +9 war axe of the Blind Eye {flame, MR+
                  | Int+8} (You found it on level 5 of the Dungeon)
  3625 | D:5      | Reached skill level 7 in Unarmed Combat
  4336 | D:6      | Found a staircase to the Ecumenical Temple.
  4345 | Temple   | Entered the Ecumenical Temple
  4760 | D:6      | Reached XP level 8. HP: 70/75 MP: 7/7
  4871 | D:6      | Reached skill level 8 in Unarmed Combat
  5190 | D:7      | Reached skill level 9 in Unarmed Combat
  5341 | D:7      | Found a stormy altar of Qazlal.
  5373 | D:7      | Noticed Joseph
  5374 | D:7      | Found a deep blue altar of Sif Muna.
  5425 | D:7      | Killed Joseph
  5425 | D:7      | Reached skill level 5 in Dodging
  5425 | D:7      | Reached XP level 9. HP: 21/83 MP: 8/8
  5529 | D:7      | Found an opulent altar of Gozag.
  5540 | D:7      | Found a shimmering altar of Xom.
  5540 | D:7      | Found a snail-covered altar of Cheibriados.
  5568 | D:7      | Became a worshipper of Cheibriados the Contemplative
  5568 | D:7      | Reached * piety under Cheibriados
  5568 | D:7      | Reached ** piety under Cheibriados
  5612 | D:7      | Reached skill level 10 in Unarmed Combat
  5688 | D:7      | Found Faisyph's Jewellery Shop.
  5691 | D:7      | Bought an uncursed ring of see invisible for 195 gold
                  | pieces
  5764 | D:7      | Identified a scroll of acquirement
  5765 | D:7      | Got a scorched hat
  5771 | D:7      | Identified the +2 hat of Absence {rC+ Str+3} (You acquired
                  | it on level 7 of the Dungeon)
  6245 | D:8      | Noticed Grum
  6341 | D:7      | HP: 4/84 [poisoned by a killer bee]
  6346 | D:7      | HP: 3/84 [poisoned by a killer bee]
  6352 | D:7      | HP: 3/84 [poisoned by a killer bee]
  6358 | D:7      | HP: 4/84 [poisoned by a killer bee]
  6604 | D:8      | Reached *** piety under Cheibriados
  6625 | D:8      | Reached skill level 11 in Unarmed Combat
  6886 | D:8      | Killed Grum
  6985 | D:8      | Noticed Prince Ribbit
  7003 | D:8      | Killed Prince Ribbit
  7003 | D:8      | Reached XP level 10. HP: 81/93 MP: 9/9
  7032 | D:8      | Noticed a two-headed ogre
  7033 | D:8      | Noticed a glowing orange brain
  7033 | D:8      | a two-headed ogre changed into a glowing orange brain
  7044 | D:8      | Killed a glowing orange brain
  7081 | D:8      | Noticed Pikel
  7095 | D:8      | Killed Pikel
  7095 | D:8      | Reached skill level 1 in Evocations
  7344 | D:8      | Got a crude long sword
  7345 | D:8      | Identified the cursed +0 long sword of Anger {freeze, +Inv
                  | rN+ MR+ SInv} (You found it on level 8 of the Dungeon)
  7349 | D:8      | Gained mutation: You are dopey. (Int -2) [potion of
                  | mutation]
  7349 | D:8      | Gained mutation: You tend to lose your temper in combat.
                  | [potion of mutation]
  7349 | D:8      | Gained mutation: Your body sometimes deteriorates upon
                  | taking damage. [potion of mutation]
  7349 | D:8      | Gained mutation: You have a pair of small horns on your
                  | head. [potion of mutation]
  7404 | D:9      | Noticed Erica
  7410 | D:9      | Killed Erica
  7410 | D:9      | Reached skill level 12 in Unarmed Combat
  7417 | D:9      | Reached **** piety under Cheibriados
  7497 | D:9      | Noticed Harold
  7506 | D:9      | Killed Harold
  7648 | D:9      | Found Zoism's Antique Weapon Emporium.
  7812 | D:9      | Found a staircase to the Lair.
  7896 | D:10     | Entered Level 10 of the Dungeon
  8087 | D:10     | Reached XP level 11. HP: 101/101 MP: 11/11
  8489 | D:11     | Noticed Psyche
  8489 | D:11     | Noticed a red ugly thing
  8492 | D:11     | Killed Psyche
  8493 | D:11     | Reached skill level 5 in Fighting
  8498 | D:11     | Killed a red ugly thing
  8504 | D:11     | Reached ***** piety under Cheibriados
  8576 | D:11     | Reached skill level 13 in Unarmed Combat
  8631 | D:11     | Found a runed translucent gate.
  8632 | D:11     | Found a runed translucent gate.
  8632 | D:11     | Found an opulent altar of Gozag.
  8632 | D:11     | Noticed an obsidian statue
  8633 | D:11     | Found a runed translucent gate.
  8634 | D:11     | Noticed tidbits's ghost (novice GnSk)
  8634 | D:11     | Noticed a four-headed hydra
  8635 | D:11     | Noticed a two-headed ogre
  8635 | D:11     | Noticed a two-headed ogre
  9345 | D:12     | Found a frozen archway.
  9353 | IceCv    | Entered an ice cave
  9367 | IceCv    | Reached skill level 14 in Unarmed Combat
  9387 | IceCv    | Noticed a white ugly thing
  9403 | IceCv    | Killed a white ugly thing
  9659 | IceCv    | Noticed a white ugly thing
  9666 | IceCv    | Killed a white ugly thing
  9731 | D:12     | Noticed an unseen horror
  9738 | D:12     | Killed an unseen horror
  9741 | D:12     | Reached XP level 12. HP: 99/111 MP: 12/12
  9752 | D:12     | Found a transporter.
  9753 | D:12     | Noticed Uhlv's ghost (journeyman FoFi)
  9801 | D:12     | Noticed a two-headed ogre
  9801 | D:12     | Identified the +8 great mace of Honour {elec, Dex+4}
  9801 | D:12     | Identified the +3 great mace of Guile {vamp, *Drain +Inv
                  | rElec}
  9801 | D:12     | Noticed an ettin
  9803 | D:12     | Found a transporter.
  9804 | D:12     | Noticed a two-headed ogre
  9968 | D:12     | Noticed a two-headed ogre
  9974 | D:12     | Killed a two-headed ogre
 10028 | D:12     | Reached skill level 15 in Unarmed Combat
 10031 | D:12     | Reached ****** piety under Cheibriados
 10108 | D:12     | Found a staircase to the Orcish Mines.
 10307 | Orc:1    | Entered Level 1 of the Orcish Mines
 10307 | Orc:1    | Found the +10 large shield of Ignorance {rN+ Int-4}
 10324 | Orc:1    | Noticed a stone giant
 10334 | Orc:1    | Slain by a stone giant

Skill      XL: |  1  2  3  4  5  6  7  8  9 10 11 12 |
---------------+-------------------------------------+-----
Dodging        | 3 4 5 6 7 8 |  8.3
Unarmed Combat | 4 5 6 7 9 11 12 14 15 | 15.1
Fighting       | 3 4 5 |  5.3
Stealth        | 2 3 4 |  4.4
Evocations     | 1 |  1.6

Action                   |  1- 3 |  4- 6 |  7- 9 | 10-12 || total
-------------------------+-------+-------+-------+-------++-------
Melee: Unarmed           |    90 |   112 |   307 |   326 ||   835
       Punch             |       |     1 |    13 |    28 ||    42
       Headbutt          |       |       |       |    96 ||    96
Evoke: Wand              |       |       |     7 |     3 ||    10
  Use: Scroll            |       |    10 |     7 |    16 ||    33
       Potion            |       |     2 |     3 |     3 ||     8
 Stab: Sleeping          |       |     4 |     4 |     8 ||    16
       Distracted        |       |       |       |     2 ||     2
  Eat: Chunk             |     6 |    27 |    28 |    25 ||    86
Armor: Robe              |    40 |    19 |    98 |    65 ||   222
Dodge: Dodged            |    41 |    51 |   220 |   253 ||   565
